AoeStats
← testaoe42

African Clearing

510816382Analyzed
4v4 RM · 16h ago on Oct 2, 2026· 40m 52s· 8 players
Game mode
Random Map
Map size
Large (8 player)
Population
200
Speed
Normal
Resources
Standard
Victory
Conquest
Starting age
Dark Age
Ending age
Imperial Age
RankedLock teamsTeams togetherTeam positionsShared explorationLock speedFull tech treeHidden civsTurbo modeCheats
Victory
Defeat
🇨🇱 Varangians · Chile
1350
+14
🇩🇪 Bohemians · Germany
1230
+19
🇨🇿 Celts · Czechia
1228
+41
🇦🇷 Byzantines · Argentina
1212
+19
🇩🇪 Saracens · Germany
1321
-19
🇺🇸 Slavs · United States
1304
-18
🇺🇸 Mongols · United States
1277
-17
🇲🇦 Bohemians · Morocco
1270
-17
Nocnamania
4:23 Loom
14:02 Feudal Age
19:04 Castle Age
17:32 Double-Bit Axe
22:10 Town Watch
nsimeone11
4:31 Loom
15:37 Feudal Age
16:39 Double-Bit Axe
16:39 Horse Collar
19:45 Castle Age
17:59 Stone Mining
18:29 Gold Mining
20:46 Bow Saw
23:55 Heavy Plow
24:55 Fletching
26:42 Bloodlines
27:12 Padded Archer Armor
33:02 Bodkin Arrow
35:14 Leather Archer Armor
36:30 Wheelbarrow
37:51 Ballistics
38:29 Husbandry
40:23 Hand Cart
40:33 Forging
40:28 Scale Barding Armor
No-One-Knows-Me
3:41 Loom
15:45 Feudal Age
16:37 Town Watch
17:13 Horse Collar
20:08 Castle Age
17:59 Double-Bit Axe
CroCkeR
4:43 Loom
14:38 Feudal Age
22:56 Castle Age
22:04 Fletching
25:19 Crossbowman
testaoe42
12:50 Feudal Age
14:56 Loom
15:02 Double-Bit Axe
16:33 Fletching
22:39 Castle Age
22:24 Padded Archer Armor
22:57 Crossbowman
23:34 Bodkin Arrow
26:40 Bow Saw
28:05 Wheelbarrow
34:07 Town Watch
34:38 Hand Cart
35:05 Scale Mail Armor
34:53 Arson
37:39 Imperial Age
37:39 Chain Mail Armor
38:10 Forging
39:10 Plate Mail Armor
40:13 Iron Casting
T.Mücke_63
14:06 Feudal Age
15:32 Loom
17:54 Castle Age
15:40 Loom
16:08 Double-Bit Axe
16:31 Horse Collar
17:42 Town Watch
20:43 Chemistry
31:06 Fletching
34:15 Bodkin Arrow
37:52 Wheelbarrow
pity.grillo26
4:44 Loom
13:59 Feudal Age
18:49 Castle Age
17:57 Double-Bit Axe
19:07 Light Cavalry
25:26 Fletching
26:32 Bodkin Arrow
28:30 Scale Barding Armor
31:07 Scale Barding Armor
33:36 Forging
33:11 Fishing Lines
35:26 Wheelbarrow
39:34 Imperial Age
38:16 Chain Barding Armor
40:49 Iron Casting
40:33 Husbandry
41:19 Plate Barding Armor
40:06 Heavy Camel Rider
40:14 Capped Ram
Gabo_Reyes
11:33 Loom
14:42 Feudal Age
18:24 Castle Age
17:00 Double-Bit Axe
20:11 Scale Barding Armor
20:23 Bow Saw
21:24 Wheelbarrow
20:54 Fletching
21:25 Chain Barding Armor
23:17 Horse Collar
24:47 Town Watch
25:47 Husbandry
31:30 Bloodlines
33:01 Gold Mining
40:22 Imperial Age
38:38 Masonry
39:01 Murder Holes
40:01 Stone Mining
40:24 Bodkin Arrow
41:04 Ballistics
41:13 Hand Cart
Connection lost

Rejoining the realm…

Still unreachable

The connection could not be restored.

Session expired

The server has moved on; the page needs a fresh start.